 Dungeon Crawl Stone Soup version 0.26-a0-1053-gaff5f71418 (webtiles) character file.

Game seed: 10695106524537389457

1497 wythoutpain the Geomancer (level 8, -8/45 HPs)
             Began as a Gargoyle Earth Elementalist on Dec 11, 2020.
             Was a Follower of Vehumet.
             Mangled by an ogre
             ... wielding a +0 giant club
              (21 damage)
             ... on level 7 of the Dungeon on Dec 12, 2020.
             The game lasted 01:24:12 (6526 turns).

wythoutpain the Geomancer (GrEE)                    Turns: 6526, Time: 01:24:12

Health: -8/45      AC:  8    Str: 13    XL:     8   Next: 81%
Magic:  13/16      EV: 12    Int: 17    God:    Vehumet [*.....]
Gold:   546        SH:  0    Dex: 10    Spells: 10/18 levels left

rFire    . . .     SeeInvis .   D - +2 mace (protect)
rCold    . . .     Faith    .   (no shield)
rNeg     + . .     Spirit   .   c - +0 robe
rPois    ∞         Reflect  .   (no helmet)
rElec    +         Harm     .   (no cloak)
rCorr    .         Rampage  .   w - +0 pair of gloves
Will     .....                  (no boots)
Stlth    ++........             (no amulet)
HPRegen  0.15/turn              v - +4 ring of slaying
MPRegen  0.15/turn              s - ring of flight

@: marked
A: negative energy resistance 1, electricity resistance, unbreathing,
petrification resistance, rot immunity, AC +5
a: Renounce Religion, Evoke Flight


You were on level 7 of the Dungeon.
You worshipped Vehumet.
Vehumet was aware of your devotion.
You visited 1 branch of the dungeon, and saw 7 of its levels.

You collected 618 gold pieces.
You spent 72 gold pieces at shops.

Inventory:

Hand Weapons
 y - the +3 hand axe of Ziptept {freeze, rPois Will+}
   (You found it on level 5 of the Dungeon)

   It has been specially enchanted to freeze those struck by it, causing extra
   injury to most foes and up to half again as much damage against particularly
   susceptible opponents.
   It can also slow down cold-blooded creatures.
   It protects you from poison.
   It affects your willpower, your defense against some magical effects.
 D - a +2 mace of protection (weapon)
Missiles
 b - 119 stones
 l - 34 poisoned darts
 E - 3 atropa-tipped darts
Armour
 c - a +0 robe (worn)
 w - a +0 pair of gloves (worn)
 A - a cursed +0 ring mail
Jewellery
 s - a ring of flight (right hand)
 v - a +4 ring of slaying (left hand)
Wands
 C - a wand of flame (5)
Scrolls
 a - a scroll of enchant weapon {unknown}
 d - 4 scrolls of amnesia {unknown}
 f - a scroll of random uselessness {unknown}
 i - 4 scrolls of identify
 j - 4 scrolls of teleportation {unknown}
 m - 5 scrolls of remove curse
 n - a scroll of fear {unknown}
 p - a scroll of blinking {unknown}
 r - a scroll of immolation
 t - 2 scrolls of fog
 B - 2 scrolls of enchant armour {unknown}
Potions
 e - 2 potions of might
 g - a potion of haste {unknown}
 o - 3 potions of heal wounds {unknown}
 q - a potion of curing {unknown}
 u - 2 potions of flight {unknown}
 x - 2 potions of invisibility {unknown}
 z - a potion of magic {unknown}


   Skills:
 + Level 2.8 Fighting
 + Level 2.1(2.9) Axes
 + Level 3.3(3.7) Maces & Flails
 - Level 1.5 Dodging
 + Level 3.4 Stealth
 + Level 5.5 Spellcasting
 + Level 0.1 Conjurations
 + Level 0.7 Transmutations
 * Level 8.9 Earth Magic


You had 10 spell levels left.
You knew the following spells:

 Your Spells              Type           Power        Failure   Level
a - Sandblast             Erth           #####.       1%          1
b - Passwall              Tmut/Erth      ###.....     2%          2
c - Stone Arrow           Conj/Erth      ###...       6%          3
d - Foxfire               Conj/Fire      #...         13%         1
e - Beastly Appendage     Tmut           #.....       10%         1

Your spell library contained the following spells:

 Spells                   Type           Power        Failure   Level
 Lee's Rapid Deconstruct  Erth           #####.....   10%         5
 Wereblood                Tmut           #.......     16%         2
 Petrify                  Tmut/Erth      ###.....     19%         4
 Spider Form              Tmut/Pois      #.........   34%         3
 Ice Form                 Ice/Tmut       #.......     75%         4
 Blade Hands              Tmut           #.........   95%         5


Dungeon Overview and Level Annotations

Branches:
Dungeon (7/15)
 Temple: D:4-7

Altars:
Ashenzari
Gozag
Hepliaklqana
Makhleb
Uskayaw
Vehumet
Wu Jian
Zin
The Shining One

Shops:
D:6 (


Innate Abilities, Weirdness & Mutations

You are resistant to torment.
Your stone body is resilient. (AC +5)
You are immune to poison.
You resist negative energy. (rN+)
You are resistant to electric shocks. (rElec)
You can survive without breathing.
You are immune to petrification.
You are immune to rotting.


Message History

You miss the killer bee.
The killer bee is almost dead.
The killer bee closely misses you.
The phantom blinks!
The centaur shoots an arrow.
The arrow hits you! The killer bee stings you.
* * * LOW HITPOINT WARNING * * *
A bullfrog comes into view.
A jackal comes into view.
A jackal comes into view.
The killer bee closely misses you.
The centaur shoots an arrow.
The arrow closely misses you.
The jackal moves out of view.
You see here an arrow.
Aiming: Passwall (safe; 2% risk of failure)
Press: ? - help, Q - select action, (/) - cycle Dir - move target, p - killer bee A rock wall.
The killer bee closely misses you. The killer bee barely misses you.
You begin to meditate on the wall.
You continue meditating on the rock.
The killer bee misses you.
The centaur unwields a +0 shortbow.
The centaur closely misses you.
The killer bee stings you but does no damage.
The ogre hits you with a +0 giant club!!
You die...

##...(....... #.#.
#..........## ......
#..†........#
....###..........#
#....#...........#
##...............##
##....#..........###
##.#.O###...........##
#..#Fy@###.<..........
#....c..Yhh...........
#...(####.....####.###
##.#.# ##r..## .#
###...# ##.## #
##....F## #.#
#.......## #.#
##....W..# ...
###.........8.


You could see an ice beast, an ogre, a bullfrog, a centaur, a killer bee, a
quokka and 2 jackals.

Vanquished Creatures
  Sigmund (D:2)
  Eustachio (D:5)
  A phantom (D:7)
  An ogre (D:6)
  A bullfrog (D:6)
  A scorpion (D:4)
  3 killer bees (D:7)
  A howler monkey (D:4)
  5 orc wizards
  2 hounds
  2 orc priests
  A centaur skeleton (D:4)
  An iguana (D:4)
  7 worker ants
  A hound skeleton (D:6)
  5 gnolls
  8 adders
  An adder zombie (D:5)
  An adder skeleton (D:5)
  5 worms
  A dart slug (D:1)
  8 leopard geckos
  19 orcs
  3 ball pythons
  5 giant cockroaches
  6 hobgoblins
  A jackal (D:2)
  9 kobolds
  4 quokkas
  9 bats
  4 frilled lizards
  8 goblins
  A leopard gecko skeleton (D:6)
  A quokka skeleton (D:5)
  7 rats
135 creatures vanquished.

Vanquished Creatures (others)
  A fungus (D:3)
1 creature vanquished.

Grand Total: 136 creatures vanquished

Notes
Turn   | Place    | Note
-------+----------+-------------------------------------------
     0 | D:1      | wythoutpain the Gargoyle Earth Elementalist began the quest
                  | for the Orb.
     0 | D:1      | Reached XP level 1. HP: 10/10 MP: 3/3
    89 | D:1      | Reached skill level 4 in Earth Magic
   157 | D:1      | Reached XP level 2. HP: 15/15 MP: 1/5
   357 | D:1      | Learned a level 2 spell: Passwall
   548 | D:1      | Reached XP level 3. HP: 17/19 MP: 6/6
  1082 | D:2      | Reached skill level 1 in Maces & Flails
  1113 | D:2      | Reached XP level 4. HP: 24/24 MP: 5/7
  1946 | D:2      | Reached skill level 5 in Earth Magic
  1978 | D:2      | Noticed Sigmund
  2278 | D:3      | Reached XP level 5. HP: 27/28 MP: 9/9
  2408 | D:2      | Reached skill level 1 in Fighting
  2617 | D:2      | Killed Sigmund
  2618 | D:2      | Reached XP level 6. HP: 29/34 MP: 2/11
  3219 | D:3      | Found a radiant altar of Vehumet.
  3230 | D:3      | Upgraded the game from 0.26-a0-1040-gbe3abf3417 to
                  | 0.26-a0-1053-gaff5f71418
  3230 | D:3      | Became a worshipper of Vehumet
  3337 | D:3      | Reached skill level 6 in Earth Magic
  3629 | D:3      | Found a hazy altar of Hepliaklqana.
  3812 | D:4      | Reached XP level 7. HP: 24/38 MP: 11/13
  4151 | D:4      | Learned a level 3 spell: Stone Arrow
  5153 | D:5      | Entered Level 5 of the Dungeon
  5179 | D:5      | Got a masterwork hand axe
  5181 | D:5      | Noticed Eustachio
  5195 | D:5      | Killed Eustachio
  5196 | D:5      | Reached skill level 7 in Earth Magic
  5196 | D:5      | Reached XP level 8. HP: 43/45 MP: 3/15
  5278 | D:5      | Identified the cursed +3 hand axe of Ziptept {freeze, rPois
                  | Will+} (You found it on level 5 of the Dungeon)
  5292 | D:5      | Found an ornate altar of the Wu Jian Council.
  5302 | D:5      | Found a burning altar of Makhleb.
  5302 | D:5      | Noticed a green death
  5305 | D:5      | Noticed a smoke demon
  5305 | D:5      | Noticed a hellwing
  5350 | D:5      | Reached * piety under Vehumet
  5350 | D:5      | Offered knowledge of Foxfire by Vehumet.
  5534 | D:5      | Reached skill level 1 in Axes
  5634 | D:5      | Noticed an angel
  5635 | D:5      | Found a glowing silver altar of Zin.
  5708 | D:5      | Found a hide-covered altar of Uskayaw.
  5774 | D:6      | Reached skill level 8 in Earth Magic
  5834 | D:6      | Found Natirchae's Weapon Emporium.
  5841 | D:6      | Reached skill level 5 in Spellcasting
  5864 | D:6      | Bought 11 stones for 14 gold pieces
  5864 | D:6      | Bought 24 stones for 31 gold pieces
  5864 | D:6      | Bought 21 stones for 27 gold pieces
  6127 | D:6      | Found an opulent altar of Gozag.
  6167 | D:6      | Learned a level 1 spell: Foxfire
  6169 | D:6      | Learned a level 1 spell: Beastly Appendage
  6267 | D:6      | Found a glowing golden altar of the Shining One.
  6359 | D:6      | Found a broken altar of Ashenzari.
  6526 | D:7      | Mangled by an ogre

Illustrated notes

Levels and vault maps discovered:
D:1:      dpeg_arrival_arbitrary_a, layout_basic, minivault_19,
          grunt_decor_resistance
D:2:      minmay_thinvault, layout_loops_corners, kennysheep_generic_room_3,
          uniq_sigmund
D:3:      layout_loops_ring, lemuel_coloured_pillars_altar,
          general_overflow_altar, minmay_misc_feat_plants
D:4:      layout_layer_cave
D:5:      layout_cave_pools, zin_angel, eat_drink_and_be_merry_uskayaw,
          basic_altar, makhleb_altar_promises_db, uniq_eustachio
D:6:      layout_cave_pools, ashenzari_conservatory_becter,
          nicolae_tso_swordbearing_angel, lemuel_crystal_altar, serial_shops,
          shop_coins
D:7:      cheibrodos_barr_body, layout_cave_pools,
          minmay_temple_entry_sparse_star, uniq_harold

Skill      XL: |  1  2  3  4  5  6  7  8 |
---------------+-------------------------+-----
Earth Magic    | 4 5 6 7 8 |  8.9
Maces & Flails | 1 2 3 |  3.3
Fighting       | 1 2 |  2.8
Spellcasting   | 3 4 5 |  5.5
Stealth        | 3 |  3.4
Axes           | 2 |  2.1
Dodging        | |  1.5
Conjurations   | |  0.1
Transmutations | |  0.7

Action                   |  1- 3 |  4- 6 |  7- 9 || total
-------------------------+-------+-------+-------++-------
Melee: Club              |     9 |       |       ||     9
       Mace              |    35 |   107 |    11 ||   153
       Flail             |       |     6 |    18 ||    24
       Hand axe          |       |       |    44 ||    44
 Cast: Sandblast         |    23 |    53 |    60 ||   136
       Stone Arrow       |       |       |     3 ||     3
       Passwall          |       |       |     1 ||     1
 Abil: Evoke Flight      |       |     1 |       ||     1
  Use: Scroll            |       |     4 |     1 ||     5
 Stab: Sleeping          |     3 |     3 |     3 ||     9
Armor: Robe              |    12 |    51 |    39 ||   102
Dodge: Dodged            |    33 |    88 |    68 ||   189

Table legend: (Time is in decaauts)
 A = Elapsed time spent in this place.
 B = Non-inter-level travel time spent in this place.
 C = Inter-level travel time spent in this place.
 D = Time resting spent in this place.
 E = Time spent auto-exploring this place.
 F = Levels seen in this place.
 G = Mean time per level.
                   A        B        C        D        E       F      G
               +--------+--------+--------+--------+--------+-----+--------+
         Total |   6588 |   6278 |    310 |   1385 |   3418 |   7 |  941.1 |
       Dungeon |   6588 |   6278 |    310 |   1385 |   3418 |   7 |  941.1 |
               +--------+--------+--------+--------+--------+-----+--------+

Top non-repeatable levels by time:
     D:2: 1767 daAuts
     D:4: 1469 daAuts
     D:3: 1104 daAuts
     D:1: 861 daAuts
     D:6: 665 daAuts
     D:5: 585 daAuts
     D:7: 134 daAuts
